 Dungeon Crawl Stone Soup version 0.27.0-65-ge2af304b15 (webtiles) character file.

Game seed: 4696182412195630904

737 Gwenloh the Changer (level 7, -6/48 HPs)
             Began as a Merfolk Transmuter on Aug 18, 2021.
             Was an Initiate of Ashenzari.
             Killed by divine providence
             ... invoked by an orc priest
              (13 damage)
             ... on level 6 of the Dungeon.
             The game lasted 00:29:48 (6416 turns).

Gwenloh the Changer (Merfolk Transmuter)            Turns: 6416, Time: 00:29:49

Health: -6/48      AC:  2    Str: 11    XL:     7   Next: 75%
Magic:  10/10      EV: 12    Int: 14    God:    Ashenzari [......]
Gold:   183        SH:  0    Dex: 14    Spells: 0/10 levels left

rFire    . . .     SeeInvis .   s - +4 dagger
rCold    . . .     Faith    .   (no shield)
rNeg     . . .     Spirit   .   a - +0 robe of the Sibylline Planets {Fort, Bglg} (curse)
rPois    .         Reflect  .   (no helmet)
rElec    .         Harm     .   (no cloak)
rCorr    .         Rampage  .   (no gloves)
Will     .....                  (no boots)
Stlth    +.........             (no amulet)
HPRegen  0.16/turn              (no ring)
MPRegen  0.12/turn              (no ring)

@: no status effects
A: (nimble swimmer 2), mertail
a: Renounce Religion, Shatter the Chains


You were on level 6 of the Dungeon.
You worshipped Ashenzari.
Ashenzari was noncommittal.
You visited 2 branches of the dungeon, and saw 6 of its levels.
You also visited: Ossuary.

You collected 183 gold pieces.

Inventory:

Hand Weapons
 h - a +0 dagger
 r - a +0 glaive of flaming
 s - a +4 dagger (weapon)
Missiles
 c - 5 stones (quivered)
Armour
 a - the cursed +0 robe of the Sibylline Planets (worn) {Fort, Bglg}

   It has a curse which improves the following skills: Fortitude: Armour and
   Shields.
   Beguiling: Conjurations, Hexes and Translocations.
 f - a +0 cloak
Scrolls
 b - 7 scrolls of teleportation
 j - a scroll of fog
 m - a scroll of enchant weapon
 n - a scroll of enchant armour
 o - a scroll of silence
Potions
 d - a potion of might
 e - 3 potions of curing
 g - a potion of heal wounds
 i - 2 potions of resistance
 k - a potion of mutation
 l - a potion of invisibility
 p - a potion of brilliance
 q - a potion of haste


   Skills:
 - Level 1.1 Fighting
 - Level 2.6 Dodging
 + Level 6.6 Unarmed Combat
 - Level 2.0 Spellcasting
 + Level 7.3 Transmutations
 + Level 2.1 Ice Magic
 - Level 3.0 Poison Magic


You couldn't memorise any spells.
You knew the following spells:

 Your Spells              Type           Power      Damage    Failure   Level
a - Beastly Appendage     Tmut           42%        N/A       1%          1
b - Wereblood             Tmut           21%        N/A       1%          2
c - Spider Form           Tmut/Pois      7%         N/A       9%          3
d - Ice Form              Ice/Tmut       14%        N/A       34%         4

Your spell library contained the following spells:

 Spells                   Type           Power      Damage    Failure   Level


Dungeon Overview and Level Annotations

Branches:
Dungeon (7/15)             Temple (1/1) D:7         Ossuary (visited)

Altars:
Ashenzari
Dithmenos
Elyvilon
Gozag
Hepliaklqana
Kikubaaqudgha
Makhleb
Nemelex Xobeh
Qazlal
Ru
Sif Muna
Trog
Uskayaw
Vehumet
Wu Jian
Xom
Yredelemnul
Zin
The Shining One


Innate Abilities, Weirdness & Mutations

((You are quick and stealthy near water. (Stealth+, EV+, Speed+++)))
Your lower body shifts to a powerful aquatic tail in water.


Message History

Confirm with . or Enter, or press ? or * to list all spells.
You grow a pair of large bovine horns.
The howler monkey skeleton barely misses you.
You hit the howler monkey skeleton.
The howler monkey skeleton is severely damaged.
The howler monkey skeleton misses you.
You hit the howler monkey skeleton.
The howler monkey skeleton is almost destroyed.
The howler monkey skeleton barely misses you.
You puncture the howler monkey skeleton!
You destroy the howler monkey skeleton!
No target in view!
You start resting.
Magic restored.
You start resting.
Your transformation is almost over.
You start resting.
Your horns disappear.
You start resting.
HP restored.
c - 2 stones (gained 1)
c - 3 stones (gained 1)
c - 4 stones (gained 1)
c - 5 stones (gained 1)
Found 16 bolts.
You now have 183 gold pieces (gained 13).
An orc priest comes into view. It is wielding a +0 flail.
The orc shouts!
The orc priest shouts! x2
The orc priest mumbles some strange prayers to Beogh against you.
Beogh smites you!
An orc comes into view. It is wielding a +0 club.
The orc priest calls down the wrath of Beogh upon you.
Beogh smites you!
The orc shouts!
The orc priest invokes the aid of Beogh against you.
Beogh smites you!
* * * LOW HITPOINT WARNING * * *
The orc priest calls down the wrath of Beogh upon you.
Beogh smites you!
You die...

o!#.....# #.######.###
#o#.....# #..........#
##.#.....# #.........#
#..o.....# #.........#
#........# ##.........#
#........###..........#
#.....................###
#?.........#+#.(.........
##.#....@..#.#....#.#####
#.#.....###.###.##......
#.#.#'#.+.....'..#......
#.#...#.###.###..#......
#.#####...#.#....#......
#.........#+#...........
#######.........#.......
########.........>.##.#
#......................


You could see 2 orc priests.

Vanquished Creatures
  Menkaure (Ossuary)
  A water moccasin (D:6)
  A sky beast (D:6)
  A phantom (D:6)
  A hound (D:6)
  A jelly (D:7)
  A centaur skeleton (D:7)
  Jessica (D:2)
  3 iguanas
  3 mummies (Ossuary)
  An adder (D:4)
  A howler monkey skeleton (D:6)
  A white imp (D:7)
  2 worms (D:2)
  8 orcs
  2 ball pythons
  3 endoplasms (D:1)
  A giant cockroach (D:2)
  6 goblins (D:1)
  9 hobgoblins
  2 quokkas (D:1)
  A bat (D:1)
  3 frilled lizards (D:1)
  3 gnoll skeletons (Ossuary)
  A gnoll zombie (Ossuary)
  4 goblin skeletons (Ossuary)
  7 goblin zombies (Ossuary)
  3 hobgoblin skeletons (Ossuary)
  4 hobgoblin zombies (Ossuary)
  2 kobolds (D:1)
  4 kobold skeletons (Ossuary)
  3 kobold zombies (Ossuary)
  5 orc skeletons (Ossuary)
  5 orc zombies (Ossuary)
  3 rats (D:1)
  6 rat skeletons (Ossuary)
  5 rat zombies (Ossuary)
109 creatures vanquished.

Notes
Turn   | Place    | Note
-------+----------+-------------------------------------------
     0 | D:1      | Gwenloh the Merfolk Transmuter began the quest for the Orb.
     0 | D:1      | Reached XP level 1. HP: 15/15 MP: 3/3
   225 | D:1      | Reached skill level 3 in Transmutations
   325 | D:1      | Reached XP level 2. HP: 15/21 MP: 3/5
   328 | D:1      | Learned a level 2 spell: Wereblood
   921 | D:1      | Reached XP level 3. HP: 23/26 MP: 4/6
  1644 | D:2      | Reached skill level 4 in Transmutations
  1802 | D:2      | Noticed Jessica
  1866 | D:1      | Learned a level 3 spell: Spider Form
  1921 | D:2      | Killed Jessica
  1922 | D:2      | Reached XP level 4. HP: 32/32 MP: 3/7
  2000 | D:2      | Reached skill level 1 in Poison Magic
  2172 | D:2      | You fall into a shaft and drop 2 floors!
  2367 | D:4      | You fall into a shaft and drop 3 floors!
  2391 | D:7      | Reached XP level 5. HP: 26/37 MP: 5/8
  2621 | D:7      | Found a staircase to the Ecumenical Temple.
  2628 | Temple   | Entered the Ecumenical Temple
  2750 | Temple   | Became a worshipper of Ashenzari the Shackled
  2890 | D:7      | Found a stormy altar of Qazlal.
  2924 | D:6      | Reached skill level 5 in Transmutations
  3105 | D:7      | Reached skill level 5 in Unarmed Combat
  3116 | D:7      | Found a bloodstained altar of Trog.
  3118 | D:7      | Found a basalt altar of Yredelemnul.
  3120 | D:7      | Found a shimmering altar of Xom.
  3120 | D:7      | Found a glowing silver altar of Zin.
  3574 | D:6      | Found a sand-covered staircase.
  3580 | Ossuary  | Entered an ossuary
  4565 | Ossuary  | Reached XP level 6. HP: 43/43 MP: 7/9
  5503 | Ossuary  | Noticed Menkaure
  5509 | Ossuary  | Killed Menkaure
  5510 | Ossuary  | Reached skill level 6 in Transmutations
  5718 | D:6      | Noticed a water moccasin
  5730 | D:6      | Killed a water moccasin
  5731 | D:6      | Reached XP level 7. HP: 31/48 MP: 10/10
  5878 | D:6      | Learned a level 4 spell: Ice Form
  5929 | D:6      | Found a hazy altar of Hepliaklqana.
  5952 | D:6      | Reached skill level 1 in Ice Magic
  6027 | D:6      | Found a sacrificial altar of Ru.
  6080 | D:6      | Identified the cursed +0 robe of the Sibylline Planets
                  | {Fort, Bglg}
  6119 | D:6      | Reached skill level 7 in Transmutations
  6416 | D:6      | Killed from afar by an orc priest

Illustrated notes

Levels and vault maps discovered:
D:1:      wander_arrival_estate, layout_basic
D:2:      layout_loops_ring, shapermc_ecumenical_altar_mp_vishouse, uniq_jessica
D:4:      layout_loops_ring, kennysheep_windowed_goal
D:6:      layout_basic, jmf_multi_god_temple, nicolae_ossuary_entry_plus,
          kennysheep_donut
D:7:      layout_gridville, grunt_temple_overflow_open,
          minmay_temple_entry_tees, serial_shops, nicolae_square_shop
Temple:   nicolae_temple_hex_pool

Skill      XL: |  1  2  3  4  5  6  7 |
---------------+----------------------+-----
Transmutations | 3 4 5 6 7 |  7.3
Unarmed Combat | 4 5 6 |  6.6
Poison Magic   | 2 3 |  3.0
Ice Magic      | 2 |  2.1
Fighting       | |  1.1
Dodging        | |  2.6
Spellcasting   | |  2.0

Action                   |  1- 3 |  4- 6 |  7- 9 || total
-------------------------+-------+-------+-------++-------
Melee: Unarmed           |    86 |   168 |    44 ||   298
       Headbutt          |    10 |    12 |     2 ||    24
       Punch             |       |     2 |     1 ||     3
       Dagger            |       |       |     6 ||     6
Throw: Stone             |    27 |   220 |    12 ||   259
 Cast: Beastly Appendage |    23 |    27 |     3 ||    53
       Wereblood         |     1 |     2 |       ||     3
       Spider Form       |     1 |    10 |     4 ||    15
Invok: Curse Item        |       |       |     1 ||     1
 Stab: Sleeping          |     1 |       |       ||     1
Armor: Robe              |    12 |    11 |     1 ||    24
       Skin              |       |     7 |       ||     7
Dodge: Dodged            |    33 |    68 |    32 ||   133
